 Dungeon Crawl Stone Soup version 0.22-a0-480-g991dd4b (webtiles) character file.

475 KillYourself the Chopper (level 6, -3/53 HPs)
             Began as a Draconian Berserker on June 16, 2018.
             Was a Priest of Trog.
             Slain by a gnoll shaman
             ... wielding a +0 whip
              (6 damage)
             ... on level 3 of the Dungeon.
             The game lasted 00:17:09 (3409 turns).

KillYourself the Chopper (Draconian Berserker)      Turns: 3409, Time: 00:17:10

Health: -3/53      AC: 11    Str: 21    XL:     6   Next: 84%
Magic:  6/6        EV: 13    Int:  8    God:    Trog [***...]
Gold:   172        SH:  0    Dex: 10    Spells: 5/5 levels left

rFire    + . .     SeeInvis .   e - +0 hand axe
rCold    x . .     Gourm    .   (no shield)
rNeg     . . .     Faith    .   (armour unavailable)
rPois    .         Spirit   .   (helmet restricted)
rElec    .         Reflect  .   (no cloak)
rCorr    .         Harm     .   (no gloves)
MR       .....                  h - +0 pair of boots
Stlth    +.........             (no amulet)
HPRegen  0.17/turn              l - +4 ring of protection
MPRegen  0.10/turn              n - ring of fire

@: berserk cooldown, fainting, slowed, very slow
A: unfitting armour, cold-blooded, AC +6
a: Berserk, Trog's Hand, Renounce Religion


You were on level 3 of the Dungeon.
You worshipped Trog.
Trog was most pleased with you.
You were fainting.

You visited 1 branch of the dungeon, and saw 3 of its levels.

You collected 172 gold pieces.

Inventory:

Hand Weapons
 a - a +0 hand axe
 e - a +0 hand axe (weapon)
 f - a +0 flail
Armour
 h - a +0 pair of boots (worn)
Jewellery
 l - a +4 ring of protection (left hand)
 n - a ring of fire (right hand)
 q - an uncursed ring of ice
 t - an uncursed ring of poison resistance
Wands
 m - a wand of paralysis (15)
Scrolls
 c - a scroll of fog {unknown}
 d - 4 scrolls of teleportation {unknown}
 g - 9 scrolls of identify {unknown}
 i - 6 scrolls of remove curse {unknown}
 j - a scroll of enchant armour {unknown}
 k - 2 scrolls of enchant weapon {unknown}
 o - a scroll of fear {unknown}
 p - a scroll of amnesia {unknown}
 u - a scroll of noise {unknown}
Comestibles
 b - 2 rations
 r - a chunk of flesh


   Skills:
 * Level 4.7 Fighting
 * Level 6.2 Axes
 * Level 4.0 Dodging
 + Level 1.0 Stealth


You had 5 spell levels left.
You didn't know any spells.
Your spell library contained the following spells:

 Spells                   Type           Power        Failure   Level  Hunger
 Apportation              Tloc           #.....       41%         1    ##.....
 Summon Small Mammal      Summ           #...         41%         1    ##.....
 Animate Skeleton         Necr           N/A          41%         1    ##.....
 Confusing Touch          Hex            #.....       41%         1    ##.....


Dungeon Overview and Level Annotations

Branches:
Dungeon (3/15)

Altars:
Gozag
Wu Jian
Yredelemnul
Zin


Innate Abilities, Weirdness & Mutations

Your plain brown scales are hard. (AC +6)
You cannot fit into any form of body armour.
You are cold-blooded and may be slowed by cold attacks.


Message History

* * * LOW HITPOINT WARNING * * *
The gnoll shaman invokes the aid of its god against you.
You resist with some effort.
You hit the gnoll shaman but do no damage.
The gnoll shaman is heavily wounded.
The gnoll shaman barely misses you.
You barely miss the gnoll shaman.
The gnoll shaman is heavily wounded.
The gnoll shaman hits you but does no damage.
The gnoll shaman closely misses you.
You hit the gnoll shaman.
You tail-slap the gnoll shaman, but do no damage.
The gnoll shaman is heavily wounded.
The gnoll shaman misses you.
You hit the gnoll shaman but do no damage.
Your tail-slap misses the gnoll shaman.
The gnoll shaman is heavily wounded.
The gnoll shaman calls down the wrath of its god upon you.
You resist with some effort. The gnoll shaman hits you with a whip.
You die...

#.##.###.######.# #.#
#.##.##†........# ##.##
#.##........###g## #...#
#.#####..##.##...## ###.#.#
#.# #..##.#.....### #.._..#
#.#####..##....g....###.#.###
#........######.###........#
#######.#######.# ##########
#......@g.# ###########


You could see a gnoll shaman.

Vanquished Creatures
  A sky beast (D:2)
  3 orc wizards (D:3)
  An orc priest (D:3)
  11 gnolls (D:3)
  5 adders
  4 worms
  4 dart slugs (D:3)
  3 leopard geckos
  9 orcs (D:3)
  5 giant cockroaches
  2 goblins (D:1)
  10 hobgoblins
  11 jackals
  A quokka (D:2)
  7 bats
  4 frilled lizards
  6 kobolds
  8 rats
  A spectral orc (D:3)
96 creatures vanquished.

Notes
Turn   | Place    | Note
-------+----------+-------------------------------------------
     0 | D:1      | KillYourself the Draconian Berserker began the quest for the Orb.
     0 | D:1      | Reached XP level 1. HP: 19/19 MP: 1/1
   135 | D:1      | Reached XP level 2. HP: 22/26 MP: 2/2
   936 | D:2      | Reached ** piety under Trog
  1002 | D:2      | Reached XP level 3. HP: 22/33 MP: 3/3
  1540 | D:2      | Noticed a sky beast
  1546 | D:2      | Killed a sky beast
  1546 | D:2      | Reached skill level 4 in Axes
  1546 | D:2      | Reached XP level 4. HP: 40/40 MP: 4/4
  1546 | D:2      | Reached XP level 5. HP: 46/46 MP: 5/5
  2196 | D:3      | Reached skill level 5 in Axes
  2252 | D:3      | Reached *** piety under Trog
  2294 | D:3      | Reached XP level 6. HP: 12/53 MP: 6/6
  2756 | D:3      | Found a glowing silver altar of Zin.
  2757 | D:3      | Found an opulent altar of Gozag.
  2974 | D:3      | Found an ornate altar of the Wu Jian Council.
  3161 | D:3      | Found a basalt altar of Yredelemnul.
  3300 | D:3      | Reached skill level 6 in Axes
  3321 | D:3      | Reached skill level 1 in Stealth
  3405 | D:3      | HP: 2/53 [gnoll shaman/whip (2)]
  3409 | D:3      | Slain by a gnoll shaman

Vault maps used:
D:1:      giann_wishing_wells, grunt_decor_arrowhead, kennysheep_small_spiral,
          minmay_large_rounded_square
D:3:      lemuel_castle_with_subvaults, grunt_temple_overflow_gold_and_silver,
          lemuel_crystal_altar, yredelemnul_forgotten_temple_becter,
          first_ration, grunt_ministairs_14

Skill      XL: |  1  2  3  4  5  6 |
---------------+-------------------+-----
Dodging        | 3 4 |  4.0
Fighting       | 4 |  4.7
Axes           | 4 5 6 |  6.2
Stealth        | 1 |  1.0

Action                   |  1- 3 |  4- 6 || total
-------------------------+-------+-------++-------
Melee: Hand axe          |   108 |   201 ||   309
       Tailslap          |    10 |    23 ||    33
Invok: Berserk           |     1 |     5 ||     6
       Trog's Hand       |       |     1 ||     1
  Use: Potion            |     6 |     2 ||     8
 Stab: Sleeping          |       |     1 ||     1
  Eat: Chunk             |     1 |     7 ||     8
       Ration            |       |     1 ||     1
Armor: Skin              |    51 |    72 ||   123
Dodge: Dodged            |    83 |   143 ||   226

Table legend:
 A = Spawn XP
 B = Non-spawn XP
 C = Spawn XP percentage of total XP
 D = Spawn monster count
 E = Non-spawn monster count
 F = Spawn count percentage of total count
 G = Total turns spent on level
                    A         B        C        D         E        F      G
               +---------+---------+-------+---------+---------+-------+---------
         Total |       0 |     679 |   0.0 |       0 |      96 |   0.0 |  3409
               +---------+---------+-------+---------+---------+-------+---------
           D:1 |       0 |      37 |   0.0 |       0 |      22 |   0.0 |   893
           D:2 |       0 |     166 |   0.0 |       0 |      16 |   0.0 |  1147
           D:3 |       0 |     476 |   0.0 |       0 |      58 |   0.0 |  1369
               +---------+---------+-------+---------+---------+-------+---------
